 Dungeon Crawl Stone Soup version 0.30-a0-719-gcc4359ea44 (webtiles) character file.

Game seed: 2223393796379185389

74 Arximoufas the Chopper (level 4, -1/35 HPs)
             Began as a Demonspawn Cinder Acolyte on Jan 26, 2023.
             Was a High Priest of Ignis.
             Slain by Terence
             ... wielding a +0 hand axe
              (6 damage)
             ... on level 2 of the Dungeon.
             The game lasted 00:08:32 (1869 turns).

Arximoufas the Chopper (Demonspawn Cinder Acolyte)  Turns: 1869, Time: 00:08:33

Health: -1/35      AC: 17    Str: 14    XL:     4   Next: 10%
Magic:  0/5        EV:  9    Int: 18    God:    Ignis [*****.]
Gold:   190        SH:  4    Dex:  8    Spells: 5/5 levels left

rFire   + . .      SeeInvis .    a - -1 hand axe (flame)
rCold   . . .      Faith    .    (no shield)
rNeg    . . .      Spirit   +    n - +0 scale mail
rPois   .          Reflect  .    (no helmet)
rElec   .          Harm     .    (no cloak)
rCorr   .          Rampage  .    (no gloves)
Will    .....                    (no boots) Stlth
                                 j - amulet of guardian spirit
HPRegen 0.25/turn                (no ring)
MPRegen 0.09/turn                (no ring)

@: fiery-armoured
A: icemail 1, spiny 1, condensation shield
a: Renounce Religion, Fiery Armour, Foxfire Swarm, Rising Flame


You were on level 2 of the Dungeon.
You worshipped Ignis.
Ignis was extremely pleased with you.
You visited 1 branch of the dungeon, and saw 3 of its levels.

You collected 190 gold pieces.

Inventory:

Hand Weapons
 a - a -1 hand axe of flaming (weapon)
Armour
 n - a +0 scale mail (worn)
Magical Staves
 e - a staff of fire
 h - a staff of cold
Jewellery
 j - an amulet of guardian spirit (around neck)
Scrolls
 c - 6 scrolls of identify {unknown}
 d - 6 scrolls of teleportation {unknown}
 g - 2 scrolls of poison {unknown}
 i - a scroll of magic mapping {unknown}
 k - 3 scrolls of blinking {unknown}
 m - a scroll of fog {unknown}
Potions
 b - 2 potions of brilliance {unknown}
 l - a potion of mutation {unknown}


   Skills:
 - Level 3.0 Fighting
 * Level 4.0 Axes
 + Level 1.7 Armour
 - Level 1.0 Spellcasting
 - Level 2.6 Fire Magic


You had 5 spell levels left.
You didn't know any spells.
Your spell library contained the following spells:

 Spells                   Type           Power      Damage    Failure   Level
 Scorch                   Fire           20%        2d6       38%         2


Dungeon Overview and Level Annotations

Branches:
Dungeon (3/15)

Altars:

Annotations:
D:2 Terence
D:3 Jessica


Innate Abilities, Weirdness & Mutations

A meltable icy envelope protects you from harm. (AC +4)
You are partially covered in sharp spines.
A meltable shield of frost defends you. (SH +4)


Message History

Terence hits you with a +0 hand axe.
You hit Terence but do no damage.
Terence is almost dead.
Terence hits you but does no damage. x2
You completely miss Terence.
Terence is almost dead.
Terence hits you with a +0 hand axe.
* * * LOW HITPOINT WARNING * * *
You hit Terence but do no damage.
Terence is almost dead.
Terence screams, "I'm going to kill you!"
You block Terence's attack.
You hit Terence but do no damage.
Terence is almost dead.
Terence is struck by your spines. Terence barely misses you.
You hit Terence but do no damage.
Terence is almost dead.
Terence closely misses you.
You barely miss Terence.
Terence is almost dead.
Terence says, "Time to say good-bye..."
Terence hits you with a +0 hand axe.
* * * LOW HITPOINT WARNING * * *
You barely miss Terence.
Terence is almost dead.
Terence misses you.
You hit Terence but do no damage.
Terence is almost dead.
Terence hits you but does no damage.
You hit Terence but do no damage.
Terence is almost dead.
Terence hits you with a +0 hand axe.
* * * LOW HITPOINT WARNING * * *
Okay, then.
A sizzling cloak of flame settles atop your icy armour.
Terence barely misses you.
You barely miss Terence.
Terence is almost dead.
Terence hits you with a +0 hand axe!
You die...

#....#..#.......##
#########
#............#.#.##
#.##.##.####..###.#
#.......# ###.#.##
####.#####.# ##.##
#....# ###.### #.#
#.#### #.....# #.#
##.### #.....#####.####
.....# #.....##@).....#
##.#.# #.....##@##.##.#
#..#.# #.....##†##.##.#
#.##.# ########.#...#.#
#.##.###### #.##.##.#
..........# #.##.##.#
...#.####.# #.......#
.....####.#########.####
........#.##........#


You could see Terence.

Vanquished Creatures
  2 adders (D:2)
  A gnoll (D:2)
  A worm (D:2)
  A dart slug (D:1)
  3 orcs (D:2)
  A bat (D:2)
  2 endoplasms (D:1)
  A giant cockroach (D:2)
  5 goblins
  6 hobgoblins (D:1)
  2 jackals (D:1)
  3 quokkas (D:1)
  A ball python (D:1)
  2 frilled lizards (D:1)
  4 kobolds
  2 rats (D:1)
37 creatures vanquished.

Notes
Turn   | Place    | Note
-------+----------+-------------------------------------------
     0 | D:1      | Arximoufas the Demonspawn Cinder Acolyte began the quest
                  | for the Orb.
     0 | D:1      | Reached XP level 1. HP: 18/18 MP: 2/2
   106 | D:1      | Found a faded altar of an unknown god.
   114 | D:1      | Reached skill level 3 in Axes
   118 | D:1      | Gained mutation: A meltable shield of frost defends you.
                  | (SH +4) [demonic ancestry]
   118 | D:1      | Reached XP level 2. HP: 10/24 MP: 3/3
   344 | D:1      | Reached skill level 1 in Armour
   480 | D:1      | Gained mutation: A meltable icy envelope protects you from
                  | harm. (AC +4) [demonic ancestry]
   480 | D:1      | Reached XP level 3. HP: 19/29 MP: 4/4
  1711 | D:3      | Noticed Jessica
  1729 | D:2      | Reached skill level 4 in Axes
  1759 | D:3      | Noticed Terence
  1772 | D:2      | Gained mutation: You are partially covered in sharp spines.
                  | [demonic ancestry]
  1772 | D:2      | Reached XP level 4. HP: 19/35 MP: 2/5
  1869 | D:2      | Slain by Terence

Illustrated notes

Levels and vault maps discovered:
D:1:      dpeg_arrival_simpleton_a, layout_rooms,
          hellmonk_ecumenical_altar_pennies_from_heaven, minmay_tetromino_s4
D:2:      layout_loops_cross, minivault_23, dk_noncrumbling_3, roderic_lattice_a
D:3:      layout_rooms, uniq_robin, uniq_jessica, uniq_terence

Skill      XL: |  1  2  3 |
---------------+----------+-----
Axes           | 3 4 |  4.0
Armour         | 1 |  1.7
Fighting       | |  3.0
Spellcasting   | |  1.0
Fire Magic     | |  2.6

Action                     |  1- 3 |  4- 6 || total
---------------------------+-------+-------++-------
  Melee: Hand axe          |   131 |    27 ||   158
         Punch             |     1 |     1 ||     2
 Invoke: Fiery Armour      |       |     1 ||     1
 Armour: Robe              |     4 |       ||     4
         Leather armour    |    13 |       ||    13
         Ring mail         |    34 |       ||    34
         Scale mail        |     2 |     6 ||     8
  Dodge: Dodged            |    71 |    11 ||    82
  Block: Other             |    29 |     3 ||    32

Table legend: (Time is in decaauts)
 A = Elapsed time spent in this place.
 B = Non-inter-level travel time spent in this place.
 C = Inter-level travel time spent in this place.
 D = Time resting spent in this place.
 E = Time spent auto-exploring this place.
 F = Levels seen in this place.
 G = Mean time per level.
                   A        B        C        D        E       F      G
               +--------+--------+--------+--------+--------+-----+--------+
         Total |   1892 |   1845 |     47 |    377 |   1059 |   3 |  630.7 |
       Dungeon |   1892 |   1845 |     47 |    377 |   1059 |   3 |  630.7 |
               +--------+--------+--------+--------+--------+-----+--------+

Top non-repeatable levels by time:
     D:2: 1139 daAuts
     D:1: 737 daAuts
     D:3: 15 daAuts
